 Dungeon Crawl Stone Soup version 0.17.0-9-g801d43b (webtiles) character file.

10452 4thArraOfDagon the Grappler (level 11, -1/104 HPs)
             Began as a Troll Air Elementalist on Nov 9, 2015.
             Was a High Priest of Cheibriados.
             Slain by an orc knight
             ... wielding a +0 broad axe
              (17 damage)
             ... on level 3 of the Orcish Mines.
             The game lasted 00:29:49 (4422 turns).

4thArraOfDagon the Grappler (TrAE)                  Turns: 4422, Time: 00:29:49

Health: -1/104     AC:  6    Str: 32    XL:     11   Next: 36%
Magic:  8/12       EV: 12    Int: 28    God:    Cheibriados [*****.]
Gold:   430        SH: 10    Dex: 22    Spells: 1 memorised, 10 levels left

rFire  . . .     SeeInvis .       - Unarmed
rCold  + + .     Clarity  .     f - +0 robe (curse)
rNeg   + . .     SustAt   +     D - +0 shield "Wusubb" {+Blink rElec MR+} (curse)
rPois  .         Gourm    +     (helmet restricted)
rElec  +         Spirit   .     q - +1 cloak
rCorr  .         Warding  .     (gloves unavailable)
rMut   .         Stasis   .     (boots unavailable)
MR     +....                    C - amulet of Jyinuynli {Gourm rC+ rN+}
Stlth  ++........               z - ring of protection from cold
                                e - ring of sustain attributes

@: repel missiles, very slow, somewhat resistant to hostile enchantments,
unstealthy
A: unfitting armour, claws 3, blurry vision 1, clever 1, deformed body, fast
metabolism 3, gourmand, low mp 1, regeneration 2, shaggy fur 1, spit poison 1,
strong 1, tough skin 2
a: Spit Poison, Bend Time, Temporal Distortion, Slouch, Step From Time, Renounce
Religion, Evoke Blink


You were on level 3 of the Orcish Mines.
You worshipped Cheibriados.
Cheibriados was extremely pleased with you.
You were completely stuffed.

You visited 3 branches of the dungeon, and saw 17 of its levels.

You collected 1005 gold pieces.
You spent 575 gold pieces at shops.

Inventory:

Hand Weapons
 u - a +0 giant spiked club
 A - a +5 blowgun
 F - a +0 short sword of distortion
Missiles
 B - 10 curare-tipped needles
Armour
 f - a cursed +0 robe (worn)
 q - a +1 cloak (worn)
 D - the cursed +0 shield "Wusubb" (worn) {+Blink rElec MR+}
   (You bought it in a shop on level 2 of the Orcish Mines)

   It insulates you from electricity.
   It affects your resistance to hostile enchantments.
   It lets you blink.
   It has a curse placed upon it.
Rods
 w - a -2 rod of ignition (10/10)
   (You found it on level 8 of the Dungeon)
Jewellery
 e - a ring of sustain attributes (left claw)
 z - a ring of protection from cold (right claw)
 C - the amulet of Jyinuynli (around neck) {Gourm rC+ rN+}
   (You found it on level 11 of the Dungeon)

   [amulet of the gourmand]

   It allows you to eat raw meat even when not hungry.
   It protects you from cold.
   It protects you from negative energy.
Wands
 v - a wand of teleportation (9)
 y - a wand of polymorph (9)
 E - a wand of digging (3)
Scrolls
 a - 6 scrolls of remove curse
 k - a scroll of enchant armour
 o - a scroll of teleportation
Potions
 b - a potion of heal wounds {unknown}
 d - 2 potions of agility
 g - 2 potions of invisibility {unknown}
 j - 4 potions of haste
 l - 3 potions of cure mutation {unknown}
 p - 2 potions of lignification
 r - a potion of ambrosia {unknown}
 s - 3 potions of curing
 t - a potion of beneficial mutation
 x - a potion of brilliance {unknown}
Books
 h - a book of the Warp

   Spells                             Type                      Level
   a - Recall                         Summoning/Translocation      3
   b - Gell's Gravitas                Hexes/Translocation          3
   c - Force Lance                    Conjuration/Translocation    4
   d - Phase Shift                    Translocation                5
   e - Warp Weapon                    Charms/Translocation         5
   f - Summon Forest                  Summoning/Translocation      5
Comestibles
 c - 7 bread rations
 i - 4 meat rations
 m - 4 beef jerkies
 n - 3 fruits
 G - 3 chunks of flesh


   Skills:
 + Level 5.6 Fighting
 + Level 5.9 Dodging
 - Level 1.1 Stealth
 * Level 1.8 Shields
 * Level 12.3 Unarmed Combat
 - Level 1.2 Spellcasting
   Level 0.6 Conjurations
 - Level 2.0 Air Magic
 - Level 6.0 Invocations
 - Level 3.1 Evocations


You had 10 spell levels left.
You knew the following spells:

 Your Spells              Type           Power        Failure   Level  Hunger
b - Repel Missiles        Chrm/Air       #.....       54%         2    ###....


Dungeon Overview and Level Annotations

Branches:
Dungeon (12/15)            Temple (1/1) D:5            Lair (0/8) D:9
    Orc (4/4) D:12
    Elf: Orc:3-4

Altars:
Cheibriados
Elyvilon
Fedhas
Kikubaaqudgha
Nemelex Xobeh
Qazlal
Ru
Sif Muna
Trog
Vehumet
Xom
Yredelemnul

Shops:
D:11 !   Orc:2 [   Orc:3 :   Orc:4 *

Annotations:
D:12 Psyche
Orc:1 Fannar


Innate Abilities, Weirdness & Mutations

You are too large for most types of armour.
You have claws for hands.
Your metabolism is lightning-fast.
You like to eat raw meat.
You heal very quickly.
You are covered in fur (AC +1).
You have very tough skin (AC +2).
Scrolls take you a little longer to read.
Your mind is acute. (Int +2)
Armour fits poorly on your strangely shaped body.
Your magical capacity is low (-10% MP).
You can spit weak poison.
Your muscles are strong. (Str +2)


Message History

You climb upwards.
There is a stone staircase leading down here.
Unknown command.
Unknown command.
Unknown command.
You mangle the orc knight!!
The orc knight is moderately wounded.
The orc warrior hits you with a mace!! The ogre hits you with a giant club!
You scratch the orc knight but do no damage.
The orc knight is moderately wounded.
The orc knight hits you with a broad axe!!
* * * LOW HITPOINT WARNING * * *
The orc warrior closely misses you. The ogre closely misses you.
Unknown command.
Unknown command.
You warp the flow of time around you!
You feel somewhat less full.
Unknown command.
You fail to use your ability.
You block the orc warrior's attack.
The orc knight hits you with a broad axe!
You die...

.########..### ##.# ## #..#
### ####..# ### #.....#
#.####....## #........#
[........# ### ....≈...##
###o.# ...≈≈..## #o@####
..≈≈≈..## ###.....##
#...≈...## #........###
.........## #......O...#
#........≈####...).....# #
###.###..###...........#.##
#####..##......##.......##
#...##.....###........#
####.^##......###....#..##


You could see an orc knight, an orc warrior (frenzied) and an ogre.

Vanquished Creatures
  Snorg (Orc:2)
  Erolcha (Orc:3)
  An orc high priest (Orc:3)
  2 ugly things (D:11)
  A gargoyle (D:11)
  A troll (D:10)
  A shadow (D:11)
  Sigmund (D:4)
  A vampire (D:12)
  8 yaks (D:11)
  A basilisk (Orc:3)
  A hippogriff (D:10)
  7 wargs
  A hungry ghost (D:12)
  Edmund (D:5)
  4 orc warriors
  An ice beast (D:11)
  3 phantoms
  9 ogres
  6 centaurs
  A sky beast (D:9)
  3 big kobolds
  A gnoll sergeant (D:5)
  2 scorpions
  5 giant frogs
  4 killer bees
  3 crimson imps
  A quasit (D:5)
  A jelly (D:9)
  12 orc priests
  Crazy Yiuf (D:4)
  A hound (D:8)
  2 iguanas
  2 giant frog skeletons
  8 orc wizards
  3 worker ants
  2 hound skeletons
  3 gnolls (D:5)
  6 adders
  An adder zombie (D:5)
  2 oozes (D:2)
  2 worms (D:2)
  65 orcs
  3 bats
  A giant cockroach (D:1)
  3 goblins
  2 hobgoblins
  14 kobolds
  3 quokkas
  3 giant geckos
  3 giant newts
  2 rats (D:2)
217 creatures vanquished.

Notes
Turn   | Place    | Note
--------------------------------------------------------------
     0 | D:1      | 4thArraOfDagon the Troll Air Elementalist began the quest for the Orb.
     0 | D:1      | Reached XP level 1. HP: 16/16 MP: 1/1
    71 | D:1      | Reached skill level 1 in Unarmed Combat
   131 | D:1      | Reached XP level 2. HP: 18/24 MP: 2/2
   256 | D:2      | Found a faded altar to an unknown god.
   269 | D:2      | Learned a level 2 spell: Repel Missiles
   313 | D:2      | Reached XP level 3. HP: 28/31 MP: 3/3
   354 | D:3      | Reached skill level 3 in Unarmed Combat
   646 | D:4      | Noticed Crazy Yiuf
   650 | D:4      | Killed Crazy Yiuf
   650 | D:4      | Reached XP level 4. HP: 39/39 MP: 4/4
   688 | D:4      | Noticed Sigmund
   693 | D:4      | Killed Sigmund
   693 | D:4      | Reached skill level 5 in Unarmed Combat
   693 | D:4      | Reached XP level 5. HP: 33/45 MP: 5/5
   746 | D:4      | Reached XP level 6. HP: 50/53 MP: 6/6
   754 | D:4      | Reached skill level 6 in Unarmed Combat
   833 | D:5      | Entered Level 5 of the Dungeon
  1008 | D:5      | Noticed Edmund
  1010 | D:5      | Reached skill level 7 in Unarmed Combat
  1024 | D:5      | Killed Edmund
  1024 | D:5      | Reached XP level 7. HP: 42/59 MP: 7/7
  1037 | D:5      | Found a staircase to the Ecumenical Temple.
  1043 | Temple   | Entered the Ecumenical Temple
  1067 | Temple   | Became a worshipper of Cheibriados the Contemplative
  1222 | D:5      | Reached skill level 8 in Unarmed Combat
  1257 | D:5      | Reached skill level 1 in Fighting
  1257 | D:5      | Reached skill level 1 in Invocations
  1453 | D:8      | Reached XP level 8. HP: 62/70 MP: 8/8
  1476 | D:8      | Identified a -2 rod of ignition (10/10) (You found it on level 8 of the Dungeon)
  1481 | D:8      | Reached * piety under Cheibriados
  1621 | D:8      | Reached skill level 9 in Unarmed Combat
  1698 | D:8      | Reached ** piety under Cheibriados
  1916 | D:9      | Found a blossoming altar of Fedhas.
  1991 | D:9      | Reached XP level 9. HP: 60/80 MP: 10/10
  1995 | D:10     | Entered Level 10 of the Dungeon
  2017 | D:9      | Found a staircase to the Lair.
  2156 | D:10     | Reached skill level 10 in Unarmed Combat
  2250 | D:10     | Noticed a hill giant
  2267 | D:10     | Noticed a hill giant
  2419 | D:11     | Noticed a gargoyle
  2432 | D:11     | Killed a gargoyle
  2457 | D:10     | Reached *** piety under Cheibriados
  2457 | D:10     | Reached skill level 1 in Evocations
  2480 | D:10     | Found a basalt altar of Yredelemnul.
  2544 | D:12     | Noticed Psyche
  2616 | D:11     | Reached XP level 10. HP: 54/93 MP: 12/12
  2649 | D:11     | Noticed a centaur zombie
  2663 | D:11     | Noticed a purple ugly thing
  2730 | D:11     | Reached skill level 11 in Unarmed Combat
  2778 | D:11     | Killed a purple ugly thing
  2785 | D:11     | Reached skill level 5 in Dodging
  2785 | D:11     | Reached skill level 5 in Invocations
  2802 | D:11     | Gained mutation: Armour fits poorly on your strangely shaped body. [mutagenic meat]
  2803 | D:11     | Gained mutation: Your magical capacity is low (-10% MP). [mutagenic meat]
  2804 | D:11     | Gained mutation: You can spit weak poison. [mutagenic meat]
  2985 | D:11     | Noticed a cyclops
  2988 | D:11     | Found Vuppib's Distillery.
  2990 | D:11     | Bought a potion of lignification for 45 gold pieces
  2990 | D:11     | Bought a potion of agility for 60 gold pieces
  2990 | D:11     | Bought a potion of lignification for 45 gold pieces
  2990 | D:11     | Bought a potion of curing for 45 gold pieces
  2990 | D:11     | Bought a potion of poison for 15 gold pieces
  3019 | D:11     | Noticed a brown ugly thing
  3030 | D:11     | Killed a brown ugly thing
  3030 | D:11     | Reached **** piety under Cheibriados
  3055 | D:11     | Gained mutation: Scrolls take you a little longer to read. [mutagenic meat]
  3057 | D:11     | Gained mutation: Your mind is acute. (Int +2) [mutagenic meat]
  3058 | D:11     | Gained mutation: Your muscles are strong. (Str +2) [mutagenic meat]
  3123 | D:12     | Reached skill level 5 in Fighting
  3183 | D:12     | Found a staircase to the Orcish Mines.
  3365 | D:11     | Got a translucent iron amulet
  3366 | D:11     | Identified the amulet of Jyinuynli {Gourm rC+ rN+} (You found it on level 11 of the Dungeon)
  3404 | Orc:1    | Entered Level 1 of the Orcish Mines
  3548 | Orc:2    | Found Vyelef's Armour Emporium.
  3569 | Orc:2    | Noticed Snorg
  3583 | Orc:2    | Killed Snorg
  3583 | Orc:2    | Reached ***** piety under Cheibriados
  3583 | Orc:2    | Reached skill level 12 in Unarmed Combat
  3583 | Orc:2    | Reached XP level 11. HP: 19/104 MP: 12/12
  3706 | Orc:1    | Noticed Fannar
  3880 | Orc:2    | Bought the cursed +0 shield "Wusubb" {+Blink rElec MR+} for 365 gold pieces
  3898 | Orc:4    | Entered Level 4 of the Orcish Mines
  3898 | Orc:4    | Noticed an orc high priest
  3900 | Orc:4    | Noticed an orc high priest
  3900 | Orc:4    | Noticed an orc warlord
  3952 | Orc:3    | Noticed Sonja
  3956 | Orc:3    | Noticed Sonja
  3956 | Orc:3    | Sonja changed into Sonja the basilisk
  3961 | Orc:3    | Killed Sonja the basilisk
  4125 | Orc:3    | Found Sosuazuf's Book Boutique.
  4199 | Orc:4    | Found Unlaor's General Store.
  4210 | Orc:3    | Killed an orc high priest
  4210 | Orc:3    | Reached skill level 1 in Shields
  4250 | Orc:3    | Noticed Erolcha
  4255 | Orc:3    | Killed Erolcha
  4422 | Orc:3    | Slain by an orc knight

Action                   |  1- 3 |  4- 6 |  7- 9 | 10-12 || total
-------------------------+-------+-------+-------+-------++-------
Melee: Unarmed           |    74 |    61 |   300 |   265 ||   700
 Fire: Blowgun           |       |       |       |     4 ||     4
 Cast: Repel Missiles    |     1 |       |     1 |     1 ||     3
Invok: Temporal Distorti |       |       |       |     2 ||     2
       Slouch            |       |       |       |     1 ||     1
Evoke: Rod               |       |       |     1 |       ||     1
       Wand              |       |       |     3 |     6 ||     9
  Use: Scroll            |     1 |     9 |     6 |     5 ||    21
       Potion            |     1 |       |       |     1 ||     2
 Stab: Sleeping          |     1 |       |     3 |     3 ||     7
  Eat: Chunk             |     9 |     3 |    15 |    22 ||    49
